Penguins vs Rangers

Created - October 14 2007 at 11:48

Goals
1 2 3 T
Penguins 1 0 1 2
Rangers 1 2 1 4
Shots
1 2 3 T
Penguins 8 7 10 25
Rangers 14 6 7 27

Period #1

1. Penguins , Evgeni Malkin 3 (Christian Backman, Michel Ouellet) at 7:09
2. Rangers , Teemu Selanne 7 (Bryan Mccabe) at 18:59

Penalities :
Jere Lehtinen (PIT) for Tripping (Minor) at 0:14, Kristopher Letang (PIT) for Roughing (Minor) at 9:52, Sidney Crosby (PIT) for Roughing (Double Minor) at 11:33

Period #2

3. Rangers , Martin St. Louis 6 (Michal Rozsival, Joe Corvo) at 6:32
4. Rangers , Martin St. Louis 7 (Rod Brind'Amour, Darius Kasparaitis) at 13:48

Penalities :
Michel Ouellet (PIT) for Hooking (Minor) at 0:49, Arron Asham (NYR) for Tripping (Minor) at 3:00, Karel Rachunek (NYR) for Holding (Minor) at 7:15, Matt Cullen (NYR) for Fighting (Major) at 9:26, Maxime Talbot (PIT) for Fighting (Major) at 9:26, Brendan Shanahan (NYR) for Roughing (Double Minor) at 15:55

Period #3

5. Rangers , Rod Brind'Amour 2 (Darius Kasparaitis) at 3:32
6. Penguins , Michel Ouellet 2 (Evgeni Malkin, Taylor Pyatt) at 7:05

Penalities :
Sidney Crosby (PIT) for Roughing (Minor) at 1:26, Christian Backman (PIT) for Interference (Minor) at 8:32, Matt Cullen (NYR) for Fighting (Major) at 19:43, Taylor Pyatt (PIT) for Fighting (Major) at 19:43

Goalie Stats

Marc-Andre Fleury (PIT), 23 saves from 27 shots - (0.852), L, 3-3-0, 60:00 minutes
Henrik Lundqvist (NYR), 23 saves from 25 shots - (0.920), W, 3-3-2, 60:00 minutes

Players Stats

Penguins
Player Name              G  A  P  +/- PIM S  H  SB FO MP 
-----------------------------------------------------------
Brooks Orpik             0  0  0  -1  0   0  2  0  0  18 
Christian Backman        0  1  1   0  2   1  0  0  0  21 
Dominic Moore            0  0  0  -1  0   1  0  0  1  8  
Evgeni Malkin            1  1  2   0  0   4  0  0  15 14 
Glen Wesley              0  0  0   0  0   0  0  4  0  21 
Jere Lehtinen            0  0  0   0  2   2  1  0  7  19 
Josef Melichar           0  0  0   0  0   0  2  2  0  23 
Kris Draper              0  0  0  -2  0   1  2  1  17 20 
Kristopher Letang        0  0  0  -1  2   0  1  0  0  6  
Mark Eaton               0  0  0  -1  0   1  1  2  0  13 
Mark Parrish             0  0  0  -1  0   2  1  0  1  16 
Martin Lapointe          0  0  0  -1  0   0  5  0  2  22 
Maxime Talbot            0  0  0  -1  5   1  1  0  5  5  
Michel Ouellet           1  1  2   0  2   6  0  0  0  17 
Ryan Malone              0  0  0  -1  0   1  2  1  6  19 
Scott Hannan             0  0  0   0  0   0  0  0  0  25 
Sidney Crosby            0  0  0   0  6   3  3  0  19 18 
Taylor Pyatt             0  1  1   0  5   2  2  0  3  19 
Rangers
Player Name              G  A  P  +/- PIM S  H  SB FO MP 
-----------------------------------------------------------
Arron Asham              0  0  0   1  2   2  3  0  1  14 
Brendan Shanahan         0  0  0   0  4   1  3  0  0  16 
Bryan Mccabe             0  1  1   1  0   2  0  2  0  25 
Dan Cleary               0  0  0   0  0   0  4  0  1  19 
Darius Kasparaitis       0  2  2   1  0   0  0  2  0  15 
Jan Bulis                0  0  0   1  0   1  1  0  0  10 
Jarkko Immonen           0  0  0   0  0   1  0  0  13 16 
Jed Ortmeyer             0  0  0   0  0   0  3  1  0  18 
Joe Corvo                0  1  1   0  0   1  2  1  0  21 
Karel Rachunek           0  0  0   0  2   1  1  3  0  18 
Martin St. Louis         2  0  2   1  0   6  0  0  4  21 
Matt Cullen              0  0  0   0  10  1  1  1  28 21 
Michal Rozsival          0  1  1   1  0   1  2  0  0  25 
Owen Nolan               0  0  0   0  0   0  0  0  0  0  
Radim Vrbata             0  0  0   0  0   0  0  0  0  0  
Rod Brind'Amour          1  1  2   2  0   3  2  0  28 24 
Sergei Zubov             0  0  0   1  0   2  0  1  0  21 
Teemu Selanne            1  0  1   1  0   5  0  0  1  24 

3 Stars

1 - Martin St. Louis (NYR)
2 - Rod Brind'Amour (NYR)
3 - Evgeni Malkin (PIT)

Power Play

Penguins - 0 on 3 Attempt(s) - 0.00%
Rangers - 0 on 6 Attempt(s) - 0.00%

Penalty Kill

Penguins - 6 on 6 Attempt(s) - 100.00% - Score 0 goal in Penalty Kill
Rangers - 3 on 3 Attempt(s) - 100.00% - Score 0 goal in Penalty Kill

Game Notes

Maxime Talbot beats up Matt Cullen at 9:26 of 2nd period
Matt Cullen and Taylor Pyatt fight to a draw at 19:43 of 3rd period

Finance

Level 1 -- Attendance: 4058 (65.46%) -- Ticket Income $405,800.00
Level 2 -- Attendance: 2800 (56.00%) -- Ticket Income $196,000.00
Level 3 -- Attendance: 848 (42.40%) -- Ticket Income $46,640.00
Level 4 -- Attendance: 2120 (53.01%) -- Ticket Income $63,600.00
Luxury Box -- Attendance: 662 (66.17%) -- Ticket Income $132,400.00
Game was played at the Madison Square Garden
Total Attendance: 10488 (57.63%)
Total Ticket Income: $889,915.40
Other Income: $170,523.90
Total Income: $1,060,439.00


Play by Play

Period #1

0:01 of 1st period - Sidney Crosby wins face-off versus Rod Brind'Amour in neutral zone.
0:08 of 1st period - Sergei Zubov is hit by Sidney Crosby and loses puck.
0:14 of 1st period - Minor Penalty to Jere Lehtinen for Tripping.
0:15 of 1st period - Matt Cullen wins face-off versus Sidney Crosby in Penguins zone.
1:29 of 1st period - Shot by Teemu Selanne.
1:29 of 1st period - Stopped by Marc-Andre Fleury without a rebound.
1:30 of 1st period - Sidney Crosby wins face-off versus Rod Brind'Amour in Penguins zone.
1:44 of 1st period - Shot by Bryan Mccabe.
1:44 of 1st period - Stopped by Marc-Andre Fleury with a rebound.
1:46 of 1st period - Shot by Bryan Mccabe.
1:46 of 1st period - Stopped by Marc-Andre Fleury without a rebound.
1:47 of 1st period - Rod Brind'Amour wins face-off versus Sidney Crosby in Penguins zone.
2:42 of 1st period - Shot by Dominic Moore.
2:42 of 1st period - Shot Misses the Net.
3:39 of 1st period - Shot by Ryan Malone.
3:39 of 1st period - Deflect By Kris Draper.
3:39 of 1st period - Shot Misses the Net.
3:41 of 1st period - Shot by Kris Draper.
3:41 of 1st period - Deflect By Martin Lapointe.
3:41 of 1st period - Shot Hit the Post.
3:45 of 1st period - Shot by Mark Eaton.
3:45 of 1st period - Stopped by Henrik Lundqvist without a rebound.
3:46 of 1st period - Evgeni Malkin wins face-off versus Matt Cullen in Rangers zone.
3:47 of 1st period - Shot by Taylor Pyatt.
3:47 of 1st period - Stopped by Henrik Lundqvist without a rebound.
3:48 of 1st period - Rod Brind'Amour wins face-off versus Evgeni Malkin in Rangers zone.
3:53 of 1st period - Michel Ouellet is hit by Arron Asham and loses puck.
3:59 of 1st period - Josef Melichar is hit by Arron Asham and loses puck.
4:32 of 1st period - Shot by Michel Ouellet.
4:32 of 1st period - Stopped by Henrik Lundqvist without a rebound.
4:33 of 1st period - Matt Cullen wins face-off versus Kris Draper in Rangers zone.
5:57 of 1st period - Shot by Rod Brind'Amour.
5:57 of 1st period - Deflect By Teemu Selanne.
5:57 of 1st period - Shot Misses the Net.
6:11 of 1st period - Shot by Teemu Selanne.
6:11 of 1st period - Shot Misses the Net.
6:37 of 1st period - Shot by Jarkko Immonen.
6:37 of 1st period - Stopped by Marc-Andre Fleury without a rebound.
6:38 of 1st period - Jarkko Immonen wins face-off versus Evgeni Malkin in Penguins zone.
7:03 of 1st period - Shot by Evgeni Malkin.
7:03 of 1st period - Shot Blocked by Darius Kasparaitis.
7:07 of 1st period - Shot by Evgeni Malkin.
7:07 of 1st period - Shot Blocked by Darius Kasparaitis.
7:09 of 1st period - Shot by Evgeni Malkin.
7:09 of 1st period - Goal by Evgeni Malkin - Penguins : 1 - Rangers : 0.
7:10 of 1st period - Kris Draper wins face-off versus Matt Cullen in neutral zone.
7:29 of 1st period - Shot by Ryan Malone.
7:29 of 1st period - Shot Misses the Net.
7:33 of 1st period - Shot by Kris Draper.
7:33 of 1st period - Stopped by Henrik Lundqvist without a rebound.
7:34 of 1st period - Maxime Talbot wins face-off versus Rod Brind'Amour in Rangers zone.
7:53 of 1st period - Shot by Mark Parrish.
7:53 of 1st period - Deflect By Maxime Talbot.
7:53 of 1st period - Stopped by Henrik Lundqvist with a rebound.
7:59 of 1st period - Shot by Teemu Selanne.
7:59 of 1st period - Stopped by Marc-Andre Fleury without a rebound.
8:00 of 1st period - Kris Draper wins face-off versus Rod Brind'Amour in Penguins zone.
8:00 of 1st period - Kris Draper is hit by Rod Brind'Amour.
8:08 of 1st period - Shot by Martin Lapointe.
8:08 of 1st period - Shot Misses the Net.
8:12 of 1st period - Shot by Kris Draper.
8:12 of 1st period - Shot Misses the Net.
8:14 of 1st period - Shot by Ryan Malone.
8:14 of 1st period - Shot Blocked by Jed Ortmeyer.
8:16 of 1st period - Shot by Brooks Orpik.
8:16 of 1st period - Shot Blocked by Karel Rachunek.
8:18 of 1st period - Shot by Mark Eaton.
8:18 of 1st period - Shot Misses the Net.
9:13 of 1st period - Shot by Martin St. Louis.
9:13 of 1st period - Shot Misses the Net.
9:17 of 1st period - Shot by Martin St. Louis.
9:17 of 1st period - Shot Misses the Net.
9:19 of 1st period - Shot by Michal Rozsival.
9:19 of 1st period - Stopped by Marc-Andre Fleury without a rebound.
9:20 of 1st period - Sidney Crosby wins face-off versus Jarkko Immonen in Penguins zone.
9:43 of 1st period - Shot by Mark Parrish.
9:43 of 1st period - Shot Misses the Net.
9:45 of 1st period - Shot by Sidney Crosby.
9:45 of 1st period - Stopped by Henrik Lundqvist without a rebound.
9:46 of 1st period - Matt Cullen wins face-off versus Maxime Talbot in Rangers zone.
9:52 of 1st period - Minor Penalty to Kristopher Letang for Roughing.
9:53 of 1st period - Matt Cullen wins face-off versus Jere Lehtinen in Penguins zone.
9:54 of 1st period - Shot by Sergei Zubov.
9:54 of 1st period - Stopped by Marc-Andre Fleury without a rebound.
9:55 of 1st period - Matt Cullen wins face-off versus Jere Lehtinen in Penguins zone.
11:33 of 1st period - Double Minor Penalty to Sidney Crosby for Roughing.
11:34 of 1st period - Matt Cullen wins face-off versus Ryan Malone in Penguins zone.
11:47 of 1st period - Shot by Martin St. Louis.
11:47 of 1st period - Shot Blocked by Ryan Malone.
11:49 of 1st period - Shot by Karel Rachunek.
11:49 of 1st period - Stopped by Marc-Andre Fleury without a rebound.
11:50 of 1st period - Ryan Malone wins face-off versus Rod Brind'Amour in Penguins zone.
11:50 of 1st period - Ryan Malone is hit by Brendan Shanahan.
12:05 of 1st period - Off-side.
12:06 of 1st period - Taylor Pyatt wins face-off versus Matt Cullen in neutral zone.
13:29 of 1st period - Shot by Sergei Zubov.
13:29 of 1st period - Stopped by Marc-Andre Fleury without a rebound.
13:30 of 1st period - Jarkko Immonen wins face-off versus Jere Lehtinen in Penguins zone.
13:36 of 1st period - Teemu Selanne is hit by Josef Melichar and loses puck.
14:18 of 1st period - Icing by Martin St. Louis.
14:19 of 1st period - Matt Cullen wins face-off versus Ryan Malone in Rangers zone.
14:56 of 1st period - Shot by Jan Bulis.
14:56 of 1st period - Stopped by Marc-Andre Fleury without a rebound.
14:57 of 1st period - Rod Brind'Amour wins face-off versus Ryan Malone in Penguins zone.
15:16 of 1st period - Shot by Brendan Shanahan.
15:16 of 1st period - Stopped by Marc-Andre Fleury with a rebound.
15:18 of 1st period - Shot by Joe Corvo.
15:18 of 1st period - Stopped by Marc-Andre Fleury without a rebound.
15:19 of 1st period - Jere Lehtinen wins face-off versus Matt Cullen in Penguins zone.
15:40 of 1st period - Shot by Mark Parrish.
15:40 of 1st period - Shot Blocked by Karel Rachunek.
15:45 of 1st period - Shot by Maxime Talbot.
15:45 of 1st period - Shot Blocked by Karel Rachunek.
15:52 of 1st period - Mark Parrish is hit by Rod Brind'Amour and loses puck.
16:21 of 1st period - Shot by Michel Ouellet.
16:21 of 1st period - Stopped by Henrik Lundqvist without a rebound.
16:22 of 1st period - Jarkko Immonen wins face-off versus Kris Draper in Rangers zone.
16:22 of 1st period - Bryan Mccabe is hit by Martin Lapointe and loses puck.
16:48 of 1st period - Icing by Bryan Mccabe.
16:49 of 1st period - Jarkko Immonen wins face-off versus Evgeni Malkin in Rangers zone.
16:56 of 1st period - Icing by Evgeni Malkin.
16:57 of 1st period - Matt Cullen wins face-off versus Evgeni Malkin in Penguins zone.
17:10 of 1st period - Shot by Martin St. Louis.
17:10 of 1st period - Stopped by Marc-Andre Fleury without a rebound.
17:11 of 1st period - Matt Cullen wins face-off versus Sidney Crosby in Penguins zone.
18:31 of 1st period - Karel Rachunek is hit by Taylor Pyatt and loses puck.
18:59 of 1st period - Shot by Teemu Selanne.
18:59 of 1st period - Goal by Teemu Selanne - Penguins : 1 - Rangers : 1.
19:00 of 1st period - Kris Draper wins face-off versus Jarkko Immonen in neutral zone.
19:35 of 1st period - Teemu Selanne is hit by Martin Lapointe and loses puck.

Period #2

0:01 of 2nd period - Rod Brind'Amour wins face-off versus Sidney Crosby in neutral zone.
0:09 of 2nd period - Off-side.
0:10 of 2nd period - Evgeni Malkin wins face-off versus Matt Cullen in neutral zone.
0:22 of 2nd period - Evgeni Malkin is hit by Dan Cleary and loses puck.
0:28 of 2nd period - Taylor Pyatt is hit by Dan Cleary and loses puck.
0:45 of 2nd period - Evgeni Malkin is hit by Dan Cleary and loses puck.
0:49 of 2nd period - Minor Penalty to Michel Ouellet for Hooking.
0:50 of 2nd period - Sidney Crosby wins face-off versus Rod Brind'Amour in Rangers zone.
1:08 of 2nd period - Joe Corvo is hit by Martin Lapointe and loses puck.
1:24 of 2nd period - Icing by Rod Brind'Amour.
1:25 of 2nd period - Rod Brind'Amour wins face-off versus Jere Lehtinen in Rangers zone.
2:08 of 2nd period - Shot by Sergei Zubov.
2:08 of 2nd period - Shot Blocked by Glen Wesley.
2:16 of 2nd period - Shot by Martin St. Louis.
2:16 of 2nd period - Stopped by Marc-Andre Fleury without a rebound.
2:17 of 2nd period - Matt Cullen wins face-off versus Jere Lehtinen in Penguins zone.
2:23 of 2nd period - Martin St. Louis is hit by Kris Draper and loses puck.
3:00 of 2nd period - Minor Penalty to Arron Asham for Tripping.
3:01 of 2nd period - Martin Lapointe wins face-off versus Jarkko Immonen in Penguins zone.
3:58 of 2nd period - Shot by Ryan Malone.
3:58 of 2nd period - Stopped by Henrik Lundqvist without a rebound.
3:59 of 2nd period - Sidney Crosby wins face-off versus Matt Cullen in Rangers zone.
4:50 of 2nd period - Shot by Christian Backman.
4:50 of 2nd period - Stopped by Henrik Lundqvist without a rebound.
4:51 of 2nd period - Matt Cullen wins face-off versus Martin Lapointe in Rangers zone.
4:51 of 2nd period - Matt Cullen is hit by Martin Lapointe.
5:14 of 2nd period - Shot by Teemu Selanne.
5:14 of 2nd period - Stopped by Marc-Andre Fleury without a rebound.
5:15 of 2nd period - Matt Cullen wins face-off versus Maxime Talbot in Penguins zone.
5:36 of 2nd period - Shot by Martin St. Louis.
5:36 of 2nd period - Stopped by Marc-Andre Fleury without a rebound.
5:37 of 2nd period - Rod Brind'Amour wins face-off versus Taylor Pyatt in Penguins zone.
5:54 of 2nd period - Shot by Brendan Shanahan.
5:54 of 2nd period - Shot Blocked by Josef Melichar.
5:58 of 2nd period - Shot by Rod Brind'Amour.
5:58 of 2nd period - Shot Misses the Net.
6:00 of 2nd period - Shot by Brendan Shanahan.
6:00 of 2nd period - Deflect By Teemu Selanne.
6:00 of 2nd period - Shot Misses the Net.
6:02 of 2nd period - Shot by Teemu Selanne.
6:02 of 2nd period - Stopped by Marc-Andre Fleury with a rebound.
6:04 of 2nd period - Shot by Teemu Selanne.
6:04 of 2nd period - Shot Blocked by Josef Melichar.
6:06 of 2nd period - Shot by Bryan Mccabe.
6:06 of 2nd period - Shot Misses the Net.
6:10 of 2nd period - Shot by Teemu Selanne.
6:10 of 2nd period - Shot Misses the Net.
6:12 of 2nd period - Shot by Brendan Shanahan.
6:12 of 2nd period - Shot Misses the Net.
6:28 of 2nd period - Shot by Martin St. Louis.
6:28 of 2nd period - Shot Misses the Net.
6:32 of 2nd period - Shot by Martin St. Louis.
6:32 of 2nd period - Goal by Martin St. Louis - Penguins : 1 - Rangers : 2.
6:33 of 2nd period - Kris Draper wins face-off versus Rod Brind'Amour in neutral zone.
6:47 of 2nd period - Brooks Orpik is hit by Jed Ortmeyer and loses puck.
6:55 of 2nd period - Ryan Malone is hit by Karel Rachunek and loses puck.
7:14 of 2nd period - Shot by Kris Draper.
7:14 of 2nd period - Shot Misses the Net.
7:15 of 2nd period - Minor Penalty to Karel Rachunek for Holding.
7:16 of 2nd period - Sidney Crosby wins face-off versus Matt Cullen in Rangers zone.
7:20 of 2nd period - Sidney Crosby is hit by Matt Cullen and loses puck.
7:51 of 2nd period - Shot by Sidney Crosby.
7:51 of 2nd period - Stopped by Henrik Lundqvist without a rebound.
7:52 of 2nd period - Matt Cullen wins face-off versus Ryan Malone in Rangers zone.
7:52 of 2nd period - Matt Cullen is hit by Ryan Malone.
8:59 of 2nd period - Shot by Jarkko Immonen.
8:59 of 2nd period - Shot Hit the Post.
9:21 of 2nd period - Shot by Mark Parrish.
9:21 of 2nd period - Deflect By Dominic Moore.
9:21 of 2nd period - Stopped by Henrik Lundqvist without a rebound.
9:22 of 2nd period - Dominic Moore wins face-off versus Matt Cullen in Rangers zone.
9:26 of 2nd period - Maxime Talbot beats up Matt Cullen.
9:26 of 2nd period - Penalty to Matt Cullen for Fighting.
9:26 of 2nd period - Penalty to Maxime Talbot for Fighting.
9:27 of 2nd period - Taylor Pyatt wins face-off versus Rod Brind'Amour in neutral zone.
9:27 of 2nd period - Taylor Pyatt is hit by Jed Ortmeyer.
9:31 of 2nd period - Arron Asham is hit by Mark Parrish and loses puck.
10:28 of 2nd period - Teemu Selanne is hit by Mark Eaton and loses puck.
10:37 of 2nd period - Shot by Kris Draper.
10:37 of 2nd period - Shot Hit the Post.
10:39 of 2nd period - Shot by Kris Draper.
10:39 of 2nd period - Shot Misses the Net.
11:18 of 2nd period - Evgeni Malkin is hit by Dan Cleary and loses puck.
12:11 of 2nd period - Jere Lehtinen is hit by Arron Asham and loses puck.
12:14 of 2nd period - Shot by Jere Lehtinen.
12:14 of 2nd period - Shot Misses the Net.
12:40 of 2nd period - Shot by Teemu Selanne.
12:40 of 2nd period - Shot Misses the Net.
12:44 of 2nd period - Shot by Teemu Selanne.
12:44 of 2nd period - Shot Misses the Net.
13:02 of 2nd period - Bryan Mccabe is hit by Jere Lehtinen and loses puck.
13:34 of 2nd period - Icing by Mark Eaton.
13:35 of 2nd period - Rod Brind'Amour wins face-off versus Kris Draper in Penguins zone.
13:44 of 2nd period - Shot by Martin St. Louis.
13:44 of 2nd period - Shot Blocked by Kris Draper.
13:48 of 2nd period - Shot by Martin St. Louis.
13:48 of 2nd period - Goal by Martin St. Louis - Penguins : 1 - Rangers : 3.
13:49 of 2nd period - Evgeni Malkin wins face-off versus Rod Brind'Amour in neutral zone.
14:01 of 2nd period - Icing by Rod Brind'Amour.
14:02 of 2nd period - Evgeni Malkin wins face-off versus Rod Brind'Amour in Rangers zone.
14:11 of 2nd period - Shot by Evgeni Malkin.
14:11 of 2nd period - Stopped by Henrik Lundqvist with a rebound.
14:13 of 2nd period - Shot by Michel Ouellet.
14:13 of 2nd period - Stopped by Henrik Lundqvist without a rebound.
14:14 of 2nd period - Kris Draper wins face-off versus Rod Brind'Amour in Rangers zone.
15:55 of 2nd period - Double Minor Penalty to Brendan Shanahan for Roughing.
15:56 of 2nd period - Matt Cullen wins face-off versus Sidney Crosby in Penguins zone.
16:13 of 2nd period - Shot by Sidney Crosby.
16:13 of 2nd period - Shot Misses the Net.
16:15 of 2nd period - Shot by Glen Wesley.
16:15 of 2nd period - Shot Blocked by Matt Cullen.
16:21 of 2nd period - Shot by Sidney Crosby.
16:21 of 2nd period - Stopped by Henrik Lundqvist with a rebound.
16:23 of 2nd period - Shot by Jere Lehtinen.
16:23 of 2nd period - Shot Misses the Net.
17:17 of 2nd period - Matt Cullen is hit by Martin Lapointe and loses puck.
17:59 of 2nd period - Off-side.
18:00 of 2nd period - Sidney Crosby wins face-off versus Jarkko Immonen in neutral zone.
18:56 of 2nd period - Shot by Taylor Pyatt.
18:56 of 2nd period - Shot Blocked by Joe Corvo.
18:58 of 2nd period - Shot by Taylor Pyatt.
18:58 of 2nd period - Shot Misses the Net.
19:00 of 2nd period - Shot by Michel Ouellet.
19:00 of 2nd period - Shot Blocked by Sergei Zubov.
19:42 of 2nd period - Shot by Mark Parrish.
19:42 of 2nd period - Deflect By Kris Draper.
19:42 of 2nd period - Shot Misses the Net.
19:54 of 2nd period - Brooks Orpik is hit by Jed Ortmeyer and loses puck.

Period #3

0:01 of 3rd period - Sidney Crosby wins face-off versus Rod Brind'Amour in neutral zone.
0:03 of 3rd period - Jere Lehtinen is hit by Brendan Shanahan and loses puck.
0:09 of 3rd period - Jere Lehtinen is hit by Brendan Shanahan and loses puck.
0:21 of 3rd period - Shot by Mark Parrish.
0:21 of 3rd period - Shot Blocked by Bryan Mccabe.
0:23 of 3rd period - Shot by Jere Lehtinen.
0:23 of 3rd period - Shot Misses the Net.
0:25 of 3rd period - Shot by Scott Hannan.
0:25 of 3rd period - Shot Misses the Net.
0:29 of 3rd period - Shot by Jere Lehtinen.
0:29 of 3rd period - Stopped by Henrik Lundqvist without a rebound.
0:30 of 3rd period - Evgeni Malkin wins face-off versus Matt Cullen in Rangers zone.
0:33 of 3rd period - Shot by Michel Ouellet.
0:33 of 3rd period - Stopped by Henrik Lundqvist without a rebound.
0:34 of 3rd period - Martin St. Louis wins face-off versus Evgeni Malkin in Rangers zone.
1:26 of 3rd period - Minor Penalty to Sidney Crosby for Roughing.
1:27 of 3rd period - Rod Brind'Amour wins face-off versus Ryan Malone in Rangers zone.
1:52 of 3rd period - Shot by Rod Brind'Amour.
1:52 of 3rd period - Shot Blocked by Glen Wesley.
2:08 of 3rd period - Shot by Rod Brind'Amour.
2:08 of 3rd period - Shot Blocked by Glen Wesley.
2:12 of 3rd period - Shot by Sergei Zubov.
2:12 of 3rd period - Shot Misses the Net.
3:25 of 3rd period - Kris Draper is hit by Joe Corvo and loses puck.
3:32 of 3rd period - Shot by Rod Brind'Amour.
3:32 of 3rd period - Goal by Rod Brind'Amour - Penguins : 1 - Rangers : 4.
3:33 of 3rd period - Rod Brind'Amour wins face-off versus Maxime Talbot in neutral zone.
3:33 of 3rd period - Rod Brind'Amour is hit by Kristopher Letang.
3:42 of 3rd period - Jed Ortmeyer is hit by Brooks Orpik and loses puck.
3:48 of 3rd period - Shot by Rod Brind'Amour.
3:48 of 3rd period - Stopped by Marc-Andre Fleury without a rebound.
3:49 of 3rd period - Evgeni Malkin wins face-off versus Jarkko Immonen in Penguins zone.
3:49 of 3rd period - Michel Ouellet is hit by Joe Corvo and loses puck.
4:02 of 3rd period - Shot by Michel Ouellet.
4:02 of 3rd period - Deflect By Evgeni Malkin.
4:02 of 3rd period - Shot Misses the Net.
4:06 of 3rd period - Shot by Evgeni Malkin.
4:06 of 3rd period - Stopped by Henrik Lundqvist without a rebound.
4:07 of 3rd period - Rod Brind'Amour wins face-off versus Sidney Crosby in Rangers zone.
4:30 of 3rd period - Shot by Mark Parrish.
4:30 of 3rd period - Stopped by Henrik Lundqvist without a rebound.
4:31 of 3rd period - Kris Draper wins face-off versus Jarkko Immonen in Rangers zone.
5:12 of 3rd period - Shot by Martin Lapointe.
5:12 of 3rd period - Shot Blocked by Bryan Mccabe.
5:26 of 3rd period - Shot by Taylor Pyatt.
5:26 of 3rd period - Shot Misses the Net.
5:28 of 3rd period - Shot by Taylor Pyatt.
5:28 of 3rd period - Stopped by Henrik Lundqvist without a rebound.
5:29 of 3rd period - Sidney Crosby wins face-off versus Arron Asham in Rangers zone.
5:34 of 3rd period - Shot by Mark Parrish.
5:34 of 3rd period - Shot Misses the Net.
7:01 of 3rd period - Shot by Evgeni Malkin.
7:01 of 3rd period - Stopped by Henrik Lundqvist with a rebound.
7:05 of 3rd period - Shot by Michel Ouellet.
7:05 of 3rd period - Goal by Michel Ouellet - Penguins : 2 - Rangers : 4.
7:06 of 3rd period - Kris Draper wins face-off versus Jarkko Immonen in neutral zone.
7:10 of 3rd period - Off-side.
7:11 of 3rd period - Kris Draper wins face-off versus Jarkko Immonen in neutral zone.
7:17 of 3rd period - Martin Lapointe is hit by Jan Bulis and loses puck.
7:52 of 3rd period - Shot by Ryan Malone.
7:52 of 3rd period - Shot Misses the Net.
8:14 of 3rd period - Shot by Rod Brind'Amour.
8:14 of 3rd period - Shot Blocked by Mark Eaton.
8:16 of 3rd period - Shot by Arron Asham.
8:16 of 3rd period - Stopped by Marc-Andre Fleury without a rebound.
8:17 of 3rd period - Evgeni Malkin wins face-off versus Matt Cullen in Penguins zone.
8:27 of 3rd period - Icing by Christian Backman.
8:28 of 3rd period - Evgeni Malkin wins face-off versus Rod Brind'Amour in Penguins zone.
8:32 of 3rd period - Minor Penalty to Christian Backman for Interference.
8:33 of 3rd period - Matt Cullen wins face-off versus Sidney Crosby in Penguins zone.
8:53 of 3rd period - Icing by Sergei Zubov.
8:54 of 3rd period - Jere Lehtinen wins face-off versus Dan Cleary in Rangers zone.
11:09 of 3rd period - Mark Parrish is hit by Michal Rozsival and loses puck.
11:24 of 3rd period - Shot by Michel Ouellet.
11:24 of 3rd period - Stopped by Henrik Lundqvist without a rebound.
11:25 of 3rd period - Kris Draper wins face-off versus Martin St. Louis in Rangers zone.
12:23 of 3rd period - Shot by Rod Brind'Amour.
12:23 of 3rd period - Deflect By Arron Asham.
12:23 of 3rd period - Stopped by Marc-Andre Fleury without a rebound.
12:24 of 3rd period - Rod Brind'Amour wins face-off versus Sidney Crosby in Penguins zone.
12:31 of 3rd period - Shot by Teemu Selanne.
12:31 of 3rd period - Shot Blocked by Glen Wesley.
12:54 of 3rd period - Sergei Zubov is hit by Sidney Crosby and loses puck.
13:34 of 3rd period - Icing by Darius Kasparaitis.
13:35 of 3rd period - Jarkko Immonen wins face-off versus Kris Draper in Rangers zone.
13:35 of 3rd period - Jarkko Immonen is hit by Ryan Malone.
15:19 of 3rd period - Icing by Sergei Zubov.
15:20 of 3rd period - Sidney Crosby wins face-off versus Rod Brind'Amour in Rangers zone.
15:41 of 3rd period - Shot by Jere Lehtinen.
15:41 of 3rd period - Shot Misses the Net.
15:45 of 3rd period - Shot by Jere Lehtinen.
15:45 of 3rd period - Stopped by Henrik Lundqvist without a rebound.
15:46 of 3rd period - Matt Cullen wins face-off versus Maxime Talbot in Rangers zone.
15:46 of 3rd period - Matt Cullen is hit by Maxime Talbot.
15:58 of 3rd period - Shot by Matt Cullen.
15:58 of 3rd period - Stopped by Marc-Andre Fleury without a rebound.
15:59 of 3rd period - Martin St. Louis wins face-off versus Kris Draper in Penguins zone.
16:09 of 3rd period - Martin St. Louis is hit by Brooks Orpik and loses puck.
16:28 of 3rd period - Shot by Jed Ortmeyer.
16:28 of 3rd period - Shot Blocked by Mark Eaton.
17:07 of 3rd period - Icing by Michal Rozsival.
17:08 of 3rd period - Teemu Selanne wins face-off versus Mark Parrish in Rangers zone.
17:12 of 3rd period - Teemu Selanne is hit by Sidney Crosby and loses puck.
17:26 of 3rd period - Sidney Crosby is hit by Michal Rozsival and loses puck.
17:39 of 3rd period - Shot by Mark Parrish.
17:39 of 3rd period - Stopped by Henrik Lundqvist without a rebound.
17:40 of 3rd period - Evgeni Malkin wins face-off versus Matt Cullen in Rangers zone.
17:46 of 3rd period - Icing by Michal Rozsival.
17:47 of 3rd period - Matt Cullen wins face-off versus Evgeni Malkin in Rangers zone.
18:07 of 3rd period - Shot by Martin St. Louis.
18:07 of 3rd period - Stopped by Marc-Andre Fleury without a rebound.
18:08 of 3rd period - Kris Draper wins face-off versus Rod Brind'Amour in Penguins zone.
18:12 of 3rd period - Icing by Ryan Malone.
18:13 of 3rd period - Rod Brind'Amour wins face-off versus Kris Draper in Penguins zone.
18:13 of 3rd period - Rod Brind'Amour is hit by Kris Draper.
18:17 of 3rd period - Shot by Arron Asham.
18:17 of 3rd period - Shot Misses the Net.
18:19 of 3rd period - Shot by Rod Brind'Amour.
18:19 of 3rd period - Stopped by Marc-Andre Fleury without a rebound.
18:20 of 3rd period - Rod Brind'Amour wins face-off versus Sidney Crosby in Penguins zone.
19:15 of 3rd period - Jan Bulis is hit by Josef Melichar and loses puck.
19:19 of 3rd period - Jarkko Immonen is hit by Taylor Pyatt and loses puck.
19:43 of 3rd period - Matt Cullen and Taylor Pyatt fight to a draw.
19:43 of 3rd period - Penalty to Matt Cullen for Fighting.
19:43 of 3rd period - Penalty to Taylor Pyatt for Fighting.
19:44 of 3rd period - Kris Draper wins face-off versus Martin St. Louis in neutral zone.


Output by the SimonT Hockey Simulator (STHS) for Stephane Roy -- Original Page W3C XHTML 1.0 Valid